 Dungeon Crawl Stone Soup version 0.18-a0-1515-g333d932 (webtiles) character file.

2426 MenacingMecha the Zephyrmancer (level 9, -8/45 HPs)
             Began as a Tengu Air Elementalist on Mar 6, 2016.
             Mangled by an orc warrior
             ... wielding a +0 flail
              (21 damage)
             ... on level 7 of the Dungeon on Mar 7, 2016.
             The game lasted 00:53:20 (7372 turns).

MenacingMecha the Zephyrmancer (TeAE)               Turns: 7372, Time: 00:53:21

Health: -8/45      AC:  7    Str:  9    XL:     9   Next: 48%
Magic:  1/20       EV: 12    Int: 18    God:
Gold:   224        SH:  0    Dex: 15    Spells: 5 memorised, 8 levels left

rFire  . . .     SeeInvis .     A - +4 trident (protect)
rCold  . . .     Gourm    .     a - +0 robe
rNeg   . . .     Faith    .     (no shield)
rPois  .         Spirit   .     (helmet restricted)
rElec  .         Dismiss  .     (no cloak)
rCorr  .         Reflect  .     (no gloves)
SustAt .         Harm     .     (boots unavailable)
MR     .....                    m - amulet of rage
Stlth  +++.......               (no ring)
                                o - ring of stealth

@: not resistant to hostile enchantments, fairly stealthy
A: beak, talons 3, able to fly 1
a: Fly, Evoke Berserk Rage


You were on level 7 of the Dungeon.
You were not hungry.

You visited 1 branch of the dungeon, and saw 7 of its levels.

You collected 252 gold pieces.
You spent 28 gold pieces at shops.

Inventory:

Hand Weapons
 y - a +1 long sword
 A - a +4 trident of protection (weapon)
Armour
 a - a +0 robe (worn)
Jewellery
 m - an amulet of rage (around neck)
 o - a ring of stealth (left hand)
 B - a +3 ring of protection {unknown}
Wands
 v - a wand of teleportation (4/9)
Scrolls
 g - 3 scrolls of magic mapping {unknown}
 i - 3 scrolls of identify {unknown}
 j - 6 scrolls of enchant weapon {unknown}
 l - 3 scrolls of remove curse {unknown}
 p - a scroll of teleportation {unknown}
 r - a scroll of enchant armour {unknown}
 s - a scroll of blinking {unknown}
 w - a scroll of fear {unknown}
Potions
 d - 3 potions of flight {unknown}
 e - 6 potions of curing {unknown}
 h - a potion of resistance {unknown}
 k - 2 potions of lignification {unknown}
 n - 3 potions of agility {unknown}
 t - a potion of mutation {unknown}
 u - a potion of berserk rage {unknown}
 z - a potion of haste {unknown}
Books
 b - a book of Air

   Spells                             Type                      Level
   a - Shock                          Conjuration/Air              1
   b - Swiftness                      Charms/Air                   2
   c - Repel Missiles                 Charms/Air                   2
   d - Static Discharge               Conjuration/Air              3
   e - Lightning Bolt                 Conjuration/Air              5
Comestibles
 c - 5 bread rations
 f - a meat ration
 q - 4 fruits
 x - 3 chunks of flesh


   Skills:
 - Level 2.1 Dodging
 - Level 2.0 Stealth
 + Level 6.7 Spellcasting
 + Level 9.5 Conjurations
 + Level 10.2 Air Magic


You had 8 spell levels left.
You knew the following spells:

 Your Spells              Type           Power        Failure   Level  Hunger
a - Shock                 Conj/Air       ####         1%          1    None
b - Swiftness             Chrm/Air       ###.....     1%          2    None
c - Repel Missiles        Chrm/Air       ###...       1%          2    None
d - Static Discharge      Conj/Air       #####...     1%          3    ##.....
e - Lightning Bolt        Conj/Air       #####.....   6%          5    #####..


Dungeon Overview and Level Annotations

Branches:
Dungeon (7/15)
 Temple: D:4-7

Altars:
Gozag
Pakellas

Shops:
D:4 =

Annotations:
D:4 Grinder


Innate Abilities, Weirdness & Mutations

You have a beak for a mouth.
You have claws for feet.
You can fly.


Message History

The zap misses the orc warrior.
The zap hits the orc.
You kill the orc!
The zap hits the orc priest.
The orc priest is moderately wounded.
The orc priest shouts!
The orc warrior barely misses you.
An orc comes into view. It is wielding a falchion.
The orc priest invokes the aid of Beogh against you.
Beogh smites you!
A crimson imp comes into view.
You puncture the crimson imp! Your peck misses the crimson imp.
The crimson imp is heavily wounded.
The crimson imp hits you. The orc warrior closely misses you.
You hit the crimson imp but do no damage.
Your kick misses the crimson imp.
The crimson imp is heavily wounded.
The crimson imp hits you.
* * * LOW HITPOINT WARNING * * *
The orc warrior hits you with a flail!!
You die...

....# #.......... ....#
#.......... ....#
#..........
....##############.........
...........................
......##########...........
....### ########.#######
....# #.....5......>..
....# ...#..@##########
....# ........o### ....#
....####.o.# <÷..# ...
###.## ....# ..
#..######### ....#
##.o##...... ....# #......#
....# #...###†.# # ##..#
#..## ##.###.#..


You could see an orc warrior, an orc priest, a crimson imp and an orc.

Vanquished Creatures
  2 hippogriffs
  Duvessa (D:6)
  An ice beast (D:5)
  2 phantoms
  3 ogres
  3 giant frogs
  A gnoll sergeant (D:6)
  A wyvern zombie (D:5)
  2 scorpions
  Dowan (D:6)
  5 wights (D:6)
  2 crimson imps
  A giant frog zombie (D:6)
  A jelly (D:5)
  4 hounds
  An orc priest (D:6)
  7 orc wizards
  3 worker ants
  A worker ant zombie (D:6)
  Robin (D:2)
  8 gnolls
  8 adders
  4 shadow imps (D:6)
  3 worms (D:2)
  3 dart slugs
  7 giant geckos
  12 orcs
  6 bats
  8 giant cockroaches
  14 goblins
  12 hobgoblins
  8 kobolds
  3 quokkas
  A ball python (D:3)
  A giant gecko skeleton (D:7)
  4 giant newts
  A quokka zombie (D:5)
  7 rats
153 creatures vanquished.

Notes
Turn   | Place    | Note
--------------------------------------------------------------
     0 | D:1      | MenacingMecha the Tengu Air Elementalist began the quest for the Orb.
     0 | D:1      | Reached XP level 1. HP: 10/10 MP: 4/4
   356 | D:1      | Reached XP level 2. HP: 15/15 MP: 0/6
   417 | D:1      | Learned a level 2 spell: Swiftness
   420 | D:1      | Learned a level 2 spell: Repel Missiles
   807 | D:1      | Reached XP level 3. HP: 13/19 MP: 1/7
  1376 | D:2      | Noticed Robin
  1387 | D:2      | Killed Robin
  1387 | D:2      | Reached skill level 5 in Air Magic
  1387 | D:2      | Reached XP level 4. HP: 15/24 MP: 0/9
  1470 | D:2      | Learned a level 3 spell: Static Discharge
  2818 | D:3      | Gained mutation: You can fly. [Tengu growth]
  2818 | D:3      | Reached XP level 5. HP: 28/28 MP: 7/10
  3351 | D:4      | Noticed an ogre
  3390 | D:4      | Killed an ogre
  3390 | D:4      | Reached skill level 6 in Air Magic
  3390 | D:4      | Reached XP level 6. HP: 32/32 MP: 1/12
  3641 | D:4      | Found Sohut's Jewellery Shop.
  3649 | D:4      | Bought a cursed amulet of inaccuracy for 28 gold pieces
  3856 | D:4      | Noticed a phantom
  3869 | D:4      | Killed a phantom
  3869 | D:4      | Reached skill level 5 in Conjurations
  4162 | D:4      | Noticed Grinder
  4317 | D:5      | Entered Level 5 of the Dungeon
  4369 | D:5      | Noticed an ice beast
  4379 | D:5      | Killed an ice beast
  4379 | D:5      | Reached XP level 7. HP: 23/36 MP: 3/14
  4489 | D:5      | Learned a level 5 spell: Lightning Bolt
  4614 | D:5      | Reached skill level 7 in Air Magic
  4639 | D:5      | Found an opulent altar of Gozag.
  4788 | D:5      | Found an oddly glowing altar of Pakellas.
  5667 | D:6      | Reached XP level 8. HP: 21/41 MP: 3/16
  5902 | D:6      | Reached skill level 5 in Spellcasting
  5902 | D:6      | Reached skill level 8 in Air Magic
  6199 | D:6      | Reached skill level 9 in Air Magic
  6654 | D:6      | Reached XP level 9. HP: 45/45 MP: 14/19
  6697 | D:6      | Noticed Duvessa
  6697 | D:6      | Noticed Dowan
  6702 | D:6      | Killed Dowan
  6706 | D:6      | Killed Duvessa
  7238 | D:7      | Upgraded the game from 0.18-a0-1514-g6ed9364 to 0.18-a0-1515-g333d932
  7321 | D:7      | Reached skill level 10 in Air Magic
  7372 | D:7      | Mangled by an orc warrior

Vault maps used:
D:1:      dpeg_arrival_lava_temple_mockup
D:2:      first_bread, hangedman_glass_teeth, minmay_misc_feat_tiny, uniq_robin
D:4:      mumra_celtic_spiral_tile, minmay_temple_entry_glassed_door,
          serial_shops, shop, uniq_grinder
D:5:      nicolae_overflow_crystal_walls, grunt_gozag_breadcrumbs
D:6:      uniq_duvessa
D:7:      grunt_livestock

Skill      XL: |  1  2  3  4  5  6  7  8  9 |
---------------+----------------------------+-----
Conjurations   | 2 3 4 5 6 8 9 |  9.5
Air Magic      | 5 6 7 9 10 | 10.2
Spellcasting   | 3 4 6 |  6.7
Dodging        | |  2.1
Stealth        | |  2.0

Action                   |  1- 3 |  4- 6 |  7- 9 || total
-------------------------+-------+-------+-------++-------
Melee: Dagger            |    22 |     9 |       ||    31
       Unarmed           |       |    10 |       ||    10
       Trident           |       |    12 |    56 ||    68
 Cast: Shock             |    61 |   109 |   194 ||   364
       Swiftness         |       |     2 |       ||     2
       Static Discharge  |       |       |     8 ||     8
       Lightning Bolt    |       |       |     4 ||     4
 Abil: Fly               |       |     1 |       ||     1
 Stab: Sleeping          |     1 |     4 |     1 ||     6
  Eat: Chunk             |     1 |     7 |     9 ||    17
       Meat ration       |       |     1 |       ||     1
